 Dungeon Crawl Stone Soup version 0.23.2-1-ga50397a (webtiles) character file.

Game seed: 4297200537886006554

72 Hogrash the Chopper (level 4, -3/40 HPs)
             Began as a Hill Orc Monk on May 10, 2019.
             Slain by a gnoll
             ... wielding a +0 halberd
              (10 damage)
             ... on level 2 of the Dungeon on May 11, 2019.
             The game lasted 00:04:37 (1922 turns).

Hogrash the Chopper (Hill Orc Monk)                 Turns: 1922, Time: 00:04:38

Health: -3/40      AC: 10    Str: 14    XL:     4   Next: 25%
Magic:  4/4        EV:  2    Int: 10    God:
Gold:   58         SH:  0    Dex: 13    Spells: 3/3 levels left

rFire    . . .     SeeInvis .   a - +0 hand axe
rCold    . . .     Gourm    .   (no shield)
rNeg     . . .     Faith    .   m - +0 plate armour
rPois    .         Spirit   .   (no helmet)
rElec    .         Reflect  .   (no cloak)
rCorr    .         Harm     .   (no gloves)
MR       .....                  (no boots)
Stlth    ..........             (no amulet)
HPRegen  0.13/turn              (no ring)
MPRegen  0.09/turn              (no ring)

@: held
A: no striking features
a: no special abilities


You were on level 2 of the Dungeon.
You were very hungry.

You visited 1 branch of the dungeon, and saw 2 of its levels.

You collected 58 gold pieces.

Inventory:

Hand Weapons
 a - a +0 hand axe (weapon)
Armour
 b - a +0 robe
 m - a +0 plate armour (worn)
Jewellery
 e - an uncursed ring of protection from cold
 j - an uncursed ring of ice
 l - an uncursed amulet of rage {unknown}
Scrolls
 f - a scroll of fog {unknown}
 n - a scroll of identify {unknown}
 o - a scroll of enchant armour {unknown}
 p - 3 scrolls of remove curse
 q - 2 scrolls of teleportation {unknown}
 r - a scroll of amnesia {unknown}
 s - a scroll of fear {unknown}
Potions
 d - a potion of lignification {unknown}
 g - a potion of curing
 h - 2 potions of cancellation {unknown}
 i - a potion of haste {unknown}
 k - 2 potions of magic {unknown}
Comestibles
 c - 5 rations


   Skills:
 - Level 3.6 Fighting
 + Level 6.5 Axes
 - Level 0.1 Armour
 - Level 2.4 Dodging
 - Level 1.5 Stealth


You had 3 spell levels left.
You didn't know any spells.
Your spell library was empty.

Dungeon Overview and Level Annotations

Branches:
Dungeon (2/15)

Altars:
Gozag
Ru


Message History

The gnoll throws a throwing net.
The throwing net hits you.
You become entangled in the net!
You see here a throwing net.
You struggle against the net.
You struggle against the net.
The gnoll hits you but does no damage.
You shred the net and break free! The gnoll hits you but does no damage.
The gnoll throws a throwing net.
The throwing net hits you.
You become entangled in the net!
You see here a throwing net.
You struggle against the net.
You struggle against the net.
The gnoll hits you from afar with a +0 halberd.
* * * LOW HITPOINT WARNING * * *
You struggle against the net.
The gnoll hits you from afar with a +0 halberd!
* * * LOW HITPOINT WARNING * * *
Unknown command.
It was a potion of curing.
You feel better.
The gnoll hits you from afar with a +0 halberd!
You die...

#############.......###.........#
...(...............## #.######..#
...#...#...#.##...## #)# #..#
.............###'## #.# ..#
...#...#...### #.# #.#
............# #.# #.#
############# ##.## #.#
#####...#####.. ..#..@....##
#.##...###.## #.###.###g##
##.####.# #......)..# #......#
#####.###.## ##.###### #.#####.#
#..###.## #....†..# #.#...##
######### #.##### #.#


You could see a gnoll.

Vanquished Creatures
  3 gnolls (D:2)
  An adder (D:2)
  4 bats
  2 giant cockroaches (D:1)
  5 goblins
  5 hobgoblins
  A quokka (D:2)
  2 ball pythons (D:1)
  2 frilled lizards (D:1)
  4 kobolds
  5 rats
34 creatures vanquished.

Notes
Turn   | Place    | Note
-------+----------+-------------------------------------------
     0 | D:1      | Hogrash the Hill Orc Monk began the quest for the Orb.
     0 | D:1      | Reached XP level 1. HP: 19/19 MP: 1/1
   185 | D:1      | Reached XP level 2. HP: 25/27 MP: 2/2
   466 | D:1      | Reached skill level 5 in Axes
   868 | D:2      | Reached XP level 3. HP: 17/33 MP: 3/3
  1322 | D:2      | Found a sacrificial altar of Ru.
  1825 | D:2      | Found an opulent altar of Gozag.
  1886 | D:2      | Reached skill level 6 in Axes
  1899 | D:2      | Reached XP level 4. HP: 34/40 MP: 4/4
  1921 | D:2      | HP: 2/40 [gnoll/+0 halberd (10)]
  1922 | D:2      | Slain by a gnoll

Skill      XL: |  1  2  3 |
---------------+----------+-----
Axes           | 5 6 |  6.5
Fighting       | |  3.6
Armour         | |  0.1
Dodging        | |  2.4
Stealth        | |  1.5

Action                   |  1- 3 |  4- 6 || total
-------------------------+-------+-------++-------
Melee: Hand axe          |   164 |     8 ||   172
  Use: Scroll            |     3 |       ||     3
       Potion            |       |     1 ||     1
 Stab: Sleeping          |     1 |       ||     1
  Eat: Chunk             |     2 |       ||     2
Armor: Robe              |     4 |       ||     4
       Plate armour      |   111 |     6 ||   117
Dodge: Dodged            |    54 |     1 ||    55
